[Event "Early-Titled-Tuesday-Blitz-May-07-2024"]
[Site "Chess.com"]
[Date "2024.05.07"]
[Round "4"]
[White "Puzzlebot_1294"]
[Black "czechbul17"]
[Result "1-0"]
[WhiteElo "2624"]
[BlackElo "2131"]
[TimeControl "180+1"]
[EndTime "8:43:17 PDT"]
[Termination "Puzzlebot_1294 won by checkmate"]

1. d4 d6 2. e4 Nf6 3. Nc3 Nbd7 4.
Nf3 e5 5. Bc4 Be7 6. Qe2 O-O 7.
h3 c6 8. a4 b6 9. O-O Bb7 10.
Be3 a6 11. dxe5 Nxe5 12. Rad1 Nxc4 13. Qxc4 b5 14. Qd3 b4 15. Ne2 a5 16. Bd4 Nd7 17. b3 Ba6 18. Qe3 Re8 19. Rfe1 Bf6 20. Ng3 d5 21.
Bxf6 Qxf6 22. e5 Qg6 23. Rd2 f6 24. e6 Nb8 25. Qf4 Ra7 26. Nf5 Rf8 27. e7 Re8 28. g4 Rd7 29. Qd4 Qf7 30. Qb6 Bb7 31.
Qxa5 Na6 32. Qb6 Nb8 33. Qxb4 Bc8 34. Nd6 Rxd6 35. Qxd6 h5 36. Qxb8 hxg4 37. Nd4 gxh3 38. Qg3 Rxe7 39. Rxe7 Qxe7 40. Kh2 Qe1 41. Nf3 Qc1 42.
Re2 Bf5 43. Re8+ Kf7 44. Re2 Qh6 45. Qc7+ Kg8 46. Re8+ Kh7 47. Qg3 Be4 48. Nh4 Qc1 49. Nf3 Qd1 50. Qxh3+ Kg6 51. Nh4+ Kg5 52. f4+ Kxf4 53.
Qg3# 1-0

[Event "Early-Titled-Tuesday-Blitz-May-07-2024"]
[Site "Chess.com"]
[Date "2024.05.07"]
[Round "4"]
[White "JaackCamel"]
[Black "laysa_latifah"]
[Result "0-1"]
[WhiteElo "2254"]
[BlackElo "2263"]
[TimeControl "180+1"]
[EndTime "8:43:17 PDT"]
[Termination "laysa_latifah won on time"]

1. d4 d5 2. c4 e6 3. Nc3 Nf6 4. cxd5 exd5 5. Bg5 Be7 6. e3 O-O 7. Bd3 Re8 8. Qc2 h6 9. Bh4 Nbd7 10. Nge2 c5 11. dxc5 Nxc5 12. O-O Be6 13. Nd4 Rc8 14. Nce2 Qb6 15. Rab1 Nfe4 16. Bxe7 Rxe7 17. Nxe6 Qxe6 18. Nd4 Qd7 19. Rbc1 Rb8 20. Be2 Ne6 21. Bg4 Nf6 22.
Bxe6 fxe6 23. Qg6 Ree8 24. Rc3 Ne4 25. Rc2 Rbc8 26. Rfc1 Rxc2 27. Rxc2 Kh8 28. h3 e5 29.
Nf5 Rf8 30. g4 Ng5 31. Kg2 Ne6 32. Rd2 Rf6 33. Qh5 d4 34. Kg3 Qc7 35. e4 Qd7 36.
Kf3 Nf4 37. Qh4 Kh7 38. Qg3 Ne6 39. Qg1 Ng5+ 40. Kg3 Nxe4+ 41. Kh2 Nxd2 42. Qd1 Ne4 43. Qd3 Qd5 44. f3 Rc6 45. fxe4 Qc4 46. Qf3 Qc2+ 47. Kg3 Qxb2 48. Kh4 Rc3 49. Qf1 Qc1 0-1

[Event "Early-Titled-Tuesday-Blitz-May-07-2024"]
[Site "Chess.com"]
[Date "2024.05.07"]
[Round "4"]
[White "Msb2"]
[Black "Dedic8"]
[Result "0-1"]
[WhiteElo "3030"]
[BlackElo "2866"]
[TimeControl "180+1"]
[EndTime "8:43:18 PDT"]
[Termination "Dedic8 won by checkmate"]

1. d4 Nf6 2. c4 e6 3. Nc3 d5 4. cxd5 exd5 5. Bg5 Be7 6. e3 h6 7. Bf4 O-O 8. Bd3 c5 9. Nf3 Nc6 10. O-O cxd4 11. Nxd4 Nxd4 12. exd4 Be6 13. Rc1 Rc8 14. Re1 Qb6 15. Qb3 Qxd4 16. Ne2 Qb4 17. Qxb4 Bxb4 18.
Red1 Bc5 19. h3 Bb6 20. Be5 Rxc1 21. Rxc1 Ne4 22. Bd4 Bxd4 23. Nxd4 Rc8 24. Rxc8+ Bxc8 25. Nb5 a5 26. Bxe4 dxe4 27. Nd6 Be6 28. a3 Bd5 29.
Kf1 Kf8 30. Ke2 Ke7 31. Nf5+ Kf6 32. g4 h5 33. Ke3 g6 34. Nd6 hxg4 35. hxg4 Ke5 36.
Nb5 f5 37. gxf5 gxf5 38. Nc3 f4+ 39. Kd2 Bc4 40. Na4 Kd4 41. Nc3 e3+ 42. fxe3+ fxe3+ 43. Kc2 b5 44. Kd1 Kd3 45. Ke1 Kc2 46. a4 b4 47.
Ne4 Kxb2 48. Nd6 Kc3 49. Nb7 b3 50. Nc5 b2 51. Ne4+ Kd4 52. Nd2 exd2+ 53. Kxd2 Bb3 54. Ke2 b1=Q 55. Kf2 Qa2+ 56. Kg3 Qxa4 57. Kh4 Ke5+ 58.
Kg5 Qf4+ 59. Kh5 Qg3 60. Kh6 Bc2 61. Kh5 Bf5 62. Kh6 Qg6# 0-1

[Event "Early-Titled-Tuesday-Blitz-May-07-2024"]
[Site "Chess.com"]
[Date "2024.05.07"]
[Round "4"]
[White "briesmas"]
[Black "Payyappat"]
[Result "0-1"]
[WhiteElo "2299"]
[BlackElo "2505"]
[TimeControl "180+1"]
[EndTime "8:43:18 PDT"]
[Termination "Payyappat won by resignation"]

1. e4 c6 2. d4 d5 3. exd5 cxd5 4. Bd3 Nc6 5. c3 Qc7 6. Ne2 Bg4 7. O-O e6 8. Qe1 g6 9. f3 Bf5 10. Bxf5 gxf5 11. Bf4 Bd6 12. Qg3 Bxf4 13. Nxf4 Nge7 14. Nh5 O-O-O 15. Nd2 Rhg8 16. Qxc7+ Kxc7 17. Rae1 Rg5 18. Nf4 Rdg8 19. Rf2 Kd6 20. h4 Rg3 21. Nf1 R3g7 22. Rfe2 Nd8 23. Kf2 f6 24. g3 Rf7 25. Nxe6 Nxe6 26. Rxe6+ Kd7 27. Nd2 Nc6 28. R6e2 Rfg7 29. Rg1 f4 30. g4 h5 31. Nb3 b6 32. Ree1 hxg4 33. fxg4 Rxg4 34. Rxg4 Rxg4 35. Rh1 Ke6 36. h5 Kf5 37. h6 Rg8 38. Kf3 Rh8 39. Rh5+ Kg6 40.
Rh4 Ne7 41. Kxf4 Kf7 42. Nd2 Ng6+ 43. Kg4 Nxh4 44. Kxh4 Rxh6+ 45. Kg4 Kg6 46. Nf3 f5+ 47. Kf4 Kf6 48. b3 Rg6 49. c4 Rg4+ 50. Ke3 Re4+ 51. Kd3 f4 52. cxd5 Re3+ 53. Kc4 Rxf3 54. d6 Rf1 55.
Kd5 Kf7 56. b4 Ke8 57. Kc6 Kd8 58. Kd5 f3 59. Ke4 f2 60. Ke3 Rd1 61. Kxf2 Rxd4 62. Ke3 Rxb4 63. a4 Rxa4 0-1

[Event "Early-Titled-Tuesday-Blitz-May-07-2024"]
[Site "Chess.com"]
[Date "2024.05.07"]
[Round "4"]
[White "Aisen1011"]
[Black "Guldona_2007"]
[Result "1-0"]
[WhiteElo "2475"]
[BlackElo "2164"]
[TimeControl "180+1"]
[EndTime "8:43:18 PDT"]
[Termination "Aisen1011 won on time"]

1. d4 f5 2. g3 Nf6 3. Bg2 g6 4. Nd2 Bg7 5. e4 fxe4 6. Nxe4 O-O 7. Ne2 d6 8. Nxf6+ exf6 9. O-O c6 10. c4 f5 11. Be3 Nd7 12. Qd2 Re8 13. Nc3 Qf6 14. Rad1 Nf8 15. Bg5 Qf7 16. d5 c5 17. Nb5 Qd7 18.
Bf4 Be5 19. Rfe1 a6 20. Bxe5 dxe5 21. Nc3 Qd6 22. a3 Bd7 23. b4 b6 24. bxc5 bxc5 25. Rb1 Rab8 26. Qc2 Kg7 27. Ne2 Rec8 28. Qc3 Kf7 29.
Rxb8 Rxb8 30. Nc1 Re8 31. Nd3 e4 32. Nf4 g5 33. Ne2 f4 34. Nc1 f3 35. Bf1 Ng6 36.
Nb3 Bf5 37. Qe3 h6 38. Qxc5 Qxc5 39. Nxc5 Rc8 40. Nxe4 Bxe4 41. Rxe4 Rd8 42. Re3 g4 43. h3 h5 44. hxg4 hxg4 45. c5 Kf6 46. d6 1-0

[Event "Early-Titled-Tuesday-Blitz-May-07-2024"]
[Site "Chess.com"]
[Date "2024.05.07"]
[Round "4"]
[White "jinbojinbo"]
[Black "Aygehovit1992"]
[Result "0-1"]
[WhiteElo "2634"]
[BlackElo "2852"]
[TimeControl "180+1"]
[EndTime "8:43:19 PDT"]
[Termination "Aygehovit1992 won by resignation"]

1. e4 c5 2. Nf3 e6 3. d4 cxd4 4. Nxd4 Nc6 5. Nc3 Qc7 6. Be3 a6 7. Be2 Nf6 8. O-O b5 9. a3 Bb7 10. Nb3 Ne5 11. f4 Nc4 12. Bxc4 bxc4 13. Nd2 h5 14.
Kh1 h4 15. h3 Nh5 16. Rf2 Bc5 17. Qf3 f5 18. Kg1 Ng3 19. Re1 O-O 20. Bxc5 Qxc5 21. Qe3 Rac8 22. Qxc5 Rxc5 23. e5 Rb8 24. Nd1 Ne4 25.
Nxe4 Bxe4 26. c3 g5 27. fxg5 Rxe5 28. Rd2 d5 29. Rf1 Kg7 30. Rf4 Rh8 31. Nf2 Kg6 32.
Nxe4 Rxe4 33. Rxe4 fxe4 34. Kf2 Kxg5 35. Ke3 Rf8 36.
Kd4 Rf1 37. Ke5 Rf6 38. Re2 a5 39. a4 Kg6 40. Re3 Kf7 41. Re2 Rf5+ 42. Kd4 Kf6 43.
Kc5 Ke5 44. Kb6 d4 45. cxd4+ Kxd4 46. Rd2+ Ke3 47. Rd6 e5 48. Kxa5 Kf2 49. Rd1 e3 50.
Kb6 e2 51. Rc1 e1=Q 52. Rxe1 Kxe1 53. a5 e4 54. a6 e3 0-1

[Event "Early-Titled-Tuesday-Blitz-May-07-2024"]
[Site "Chess.com"]
[Date "2024.05.07"]
[Round "4"]
[White "ATM622"]
[Black "only_strong_moves"]
[Result "0-1"]
[WhiteElo "2499"]
[BlackElo "2712"]
[TimeControl "180+1"]
[EndTime "8:43:20 PDT"]
[Termination "only_strong_moves won by resignation"]

1. d4 Nf6 2. c4 e6 3. g3 d5 4.
Bg2 Be7 5. Nf3 O-O 6. O-O dxc4 7. Ne5 Nc6 8. Bxc6 bxc6 9. Nxc6 Qe8 10. Nxe7+ Qxe7 11. Qc2 c5 12. b3 cxd4 13. Ba3 Qd7 14. Bxf8 Kxf8 15. Qxc4 Bb7 16. Rd1 e5 17. Qc5+ Kg8 18. f3 Qh3 19. e4 dxe3 20. Qxe3 h5 21. Rd2 h4 22. Nc3 Rc8 23. Ne4 Bxe4 24. fxe4 hxg3 25. Qxg3 Qh6 26. Re2 Nh5 27. Qxe5 Nf4 28. Rae1 Rc1 29. Qe8+ Kh7 30. Rxc1 Nxe2+ 31. Kf1 Nxc1 32.
Qxf7 Qa6+ 33. Kg1 Qb6+ 34. Kf1 Qf6+ 35. Qxf6 gxf6 36. Ke1 Nxa2 37. Kd2 Kg6 38. Kd3 Kg5 39. Kd4 Kf4 40. Kd5 Nc3+ 41. Ke6 Nxe4 42. h4 Kg4 43. h5 Kxh5 44. Kf5 Nc5 45. Kxf6 Nxb3 46. Ke5 a5 47. Kd5 a4 48. Kc4 Nc5 49. Kb4 Kg4 50. Ka3 Kf4 51. Kb2 Ke3 52. Ka1 Kd4 53. Ka2 Kc4 54. Ka1 Kb3 55. Kb1 a3 56. Ka1 Na4 57. Kb1 Nb6 58. Ka1 Nd5 59. Kb1 Nb4 60. Kc1 a2 0-1

[Event "Early-Titled-Tuesday-Blitz-May-07-2024"]
[Site "Chess.com"]
[Date "2024.05.07"]
[Round "4"]
[White "kritipatel"]
[Black "atomicmate123"]
[Result "1-0"]
[WhiteElo "2180"]
[BlackElo "2303"]
[TimeControl "180+1"]
[EndTime "8:43:20 PDT"]
[Termination "kritipatel won by resignation"]

1. d4 d5 2. Bf4 c5 3. e3 Nc6 4. c3 Qb6 5. Qb3 c4 6. Qc2 Nf6 7. Nf3 Bf5 8. Qd2 e6 9. Be2 Be7 10. O-O O-O 11. Bg3 Ne4 12. Qc1 Nxg3 13. hxg3 a5 14. Nbd2 a4 15. Nh4 Bxh4 16. gxh4 e5 17.
g4 Be6 18. f4 exd4 19. exd4 Qd8 20. f5 Bd7 21. g5 Qe7 22. Qe1 Rfe8 23. Rf2 Bxf5 24.
Qf1 Qe3 25. Nxc4 dxc4 26. Bxc4 Re7 27. Kh2 Bg6 28. Re2 Qxe2+ 29. Bxe2 Rae8 30. Bf3 Re3 31. Bg2 Bd3 32. Qf4 Re2 33. Rf1 Nd8 34. Rf3 Be4 35. Rg3 Bxg2 36. Rxg2 Re1 37. Kg3 R8e3+ 38. Kh2 g6 39. Rf2 R3e2 40. Qf6 Rxf2+ 41. Qxf2 Ne6 42. Qxe1 Nf4 43. Kg3 Nd3 44. Qe8+ Kg7 45. d5 Nxb2 46. d6 Nc4 47. d7 1-0

[Event "Early-Titled-Tuesday-Blitz-May-07-2024"]
[Site "Chess.com"]
[Date "2024.05.07"]
[Round "4"]
[White "scarabee43"]
[Black "Thjop"]
[Result "1-0"]
[WhiteElo "2830"]
[BlackElo "2580"]
[TimeControl "180+1"]
[EndTime "8:43:21 PDT"]
[Termination "scarabee43 won on time"]

1. Nf3 Nf6 2. c4 g6 3. b3 Bg7 4. Bb2 d6 5. e4 O-O 6. Qc2 e5 7. Be2 Nc6 8. O-O Nh5 9. g3 f5 10. d3 f4 11. Nbd2 Bh3 12. Rfc1 b6 13. Bf1 Bxf1 14.
Rxf1 Qd7 15. Bc3 a5 16. a3 h6 17. b4 g5 18. c5 axb4 19. axb4 b5 20. Rxa8 Rxa8 21.
Nb3 Ra4 22. cxd6 cxd6 23. Na5 Nxb4 24. Bxb4 Rxb4 25. Nc6 Ra4 26. Qb3+ Kh7 27. Qxb5 Ra3 28. Qc4 Nf6 29. Rb1 Ra8 30. Nb4 Rc8 31. Qa2 Rb8 32. Nd2 Rb7 33. Nd5 Rxb1+ 34. Qxb1 Nxd5 35. exd5 g4 36.
d4+ Kg8 37. dxe5 Bxe5 38. Qg6+ Qg7 39. Qe6+ Kh7 40. Ne4 f3 41. h3 h5 42. h4 Qg6 43.
Ng5+ Kh6 44. Nf7+ Kg7 45. Ng5 Qxe6 46. Nxe6+ Kf6 47. Kf1 Bc3 48. Nf4 Ke5 49. Nxh5 Kxd5 50. Nf4+ Ke4 51. h5 Be5 52. h6 Kf5 53. h7 Kg5 54. Ke1 Kh6 55. Nd5 Kxh7 56. Ne3 Kg6 57. Nxg4 Kf5 58. Nxe5 dxe5 59. Kd2 Ke4 60. Kc3 Kf5 61.
Kd3 e4+ 62. Kd4 e3 63. Kxe3 Kg4 64. Ke4 Kh3 65. Kxf3 1-0

[Event "Early-Titled-Tuesday-Blitz-May-07-2024"]
[Site "Chess.com"]
[Date "2024.05.07"]
[Round "4"]
[White "Gryffindorac8"]
[Black "Burgsvik"]
[Result "1-0"]
[WhiteElo "2524"]
[BlackElo "2336"]
[TimeControl "180+1"]
[EndTime "8:43:21 PDT"]
[Termination "Gryffindorac8 won by resignation"]

1. d4 c5 2. d5 d6 3. c4 g6 4. Nc3 Bg7 5. e4 Nf6 6. Nf3 O-O 7. h3 Na6 8. Be2 Nc7 9. O-O a6 10. a4 Bd7 11. a5 Rb8 12. Be3 e5 13. dxe6 Bxe6 14.
e5 dxe5 15. Bxc5 Re8 16. Qxd8 Rbxd8 17. Bb6 Rc8 18. Ng5 Bd7 19. Bf3 Bc6 20. Bxc6 bxc6 21. Nge4 Nxe4 22. Nxe4 Re7 23. Nc5 e4 24. Rab1 Bd4 25.
b4 e3 26. fxe3 Bxe3+ 27. Kh1 Bxc5 28. Bxc5 Re4 29. Rbc1 Ne6 30. Bb6 f5 31. Rfe1 Ng5 32. Kg1 Rce8 33. Rxe4 Rxe4 34. b5 cxb5 35. cxb5 axb5 36.
a6 Ra4 37. a7 Ne4 38. Rc8+ Kf7 39. a8=Q Rxa8 40. Rxa8 b4 41. Bd4 b3 42. Rb8 Nd2 43. Bc3 Nc4 44. Rxb3 g5 45. Rb7+ Kg6 46. Kf2 h5 47.
Ra7 f4 48. Ra6+ Kf5 49. Bb4 Ne3 50. Bc5 Nd5 51. Bf8 g4 52. hxg4+ hxg4 53. Ra5 Ke4 54. Bh6 f3 55. gxf3+ gxf3 56. Ra4+ Ke5 57. Kxf3 Nc3 58. Bg7+ Kd5 59. Bxc3 Kc5 60. Rf4 Kb5 61. Ke3 Kc5 62. Kd3 Kd5 63. Bd2 1-0

[Event "Early-Titled-Tuesday-Blitz-May-07-2024"]
[Site "Chess.com"]
[Date "2024.05.07"]
[Round "4"]
[White "tandaleo"]
[Black "JoliyRoger"]
[Result "1-0"]
[WhiteElo "2587"]
[BlackElo "2396"]
[TimeControl "180+1"]
[EndTime "8:43:22 PDT"]
[Termination "tandaleo won on time"]

1. e4 c6 2. d4 d5 3. Nc3 dxe4 4.
Nxe4 Bf5 5. Ng5 e6 6. N1f3 Nd7 7. Bc4 h6 8. Nh3 Bxh3 9. gxh3 Ngf6 10. Rg1 Qa5+ 11.
c3 Qh5 12. Ne5 Qxd1+ 13. Kxd1 Nxe5 14. dxe5 O-O-O+ 15. Kc2 Nd7 16. f4 g6 17. b4 h5 18.
Be3 Kb8 19. a4 Bh6 20. Rge1 Nb6 21. Bb3 Nd5 22. Bxd5 Rxd5 23. h4 Rhd8 24. Rad1 b6 25. c4 Rxd1 26. Rxd1 Rxd1 27. Kxd1 Bf8 28. b5 Be7 29. Bf2 Kb7 30. Kc2 Bb4 31. Kd3 Kc7 32. Ke4 Bd2 33. Bg3 Kd7 34. h3 Bc3 35. Bf2 f6 36. c5 cxb5 37. axb5 Kc7 38. cxb6+ axb6 39. exf6 Bxf6 40. Bd4 Bxh4 41. Ke5 g5 42. fxg5 Bxg5 43.
Kxe6 Bd2 44. Bf2 Bf4 45. Kf5 Bd2 46. Kg6 h4 47. Bxh4 Be3 48. Bg5 Bd4 49. h4 Kd6 50. h5 Kc5 51. Bf6 Be3 52. Bg5 Bd4 53. h6 Kxb5 54. Bf6 Bxf6 55. Kxf6 Kc4 56. h7 1-0

[Event "Early-Titled-Tuesday-Blitz-May-07-2024"]
[Site "Chess.com"]
[Date "2024.05.07"]
[Round "4"]
[White "Kotofeyca"]
[Black "average_trans"]
[Result "0-1"]
[WhiteElo "2495"]
[BlackElo "2343"]
[TimeControl "180+1"]
[EndTime "8:43:22 PDT"]
[Termination "average_trans won on time"]

1. d4 c6 2. c4 d5 3. Nc3 dxc4 4. e4 e5 5. Nf3 exd4 6. Nxd4 Bc5 7. Be3 Nf6 8. Bxc4 O-O 9. f3 Nbd7 10. O-O Ne5 11.
Bb3 b5 12. Nce2 Qb6 13. Qc2 a5 14. Rac1 Nfd7 15. a3 Ba6 16. Bf2 b4 17. axb4 axb4 18. Rcd1 g6 19. Nf4 Bxf1 20. Kxf1 Qa6+ 21. Kg1 Ba7 22.
Nde2 Bxf2+ 23. Kxf2 c5 24. Bd5 Ra7 25. h4 h5 26. Kg3 Rc8 27. Qd2 Nf6 28. Nxg6 Nxg6 29. Qg5 Nxd5 30. Rxd5 Qe6 31. Nf4 Qe8 32. Nxg6 fxg6 33.
Rd6 Rg7 34. e5 Qe7 35. Rf6 Re8 36. f4 Qd7 37. Kh2 Qg4 38. Qxg4 hxg4 39. Kg3 c4 40.
Kxg4 Rc8 41. Ra6 c3 42. bxc3 bxc3 43. Ra1 c2 44. Rc1 Rb7 45. Kg5 Rb1 46. Rxc2 Rxc2 47. g4 Rg2 48. e6 Re1 49. Kxg6 Rxg4+ 50. Kf5 Rxf4+ 51. Kxf4 Rxe6 52. Kg5 Kg7 53. Kf5 Rh6 0-1

[Event "Early-Titled-Tuesday-Blitz-May-07-2024"]
[Site "Chess.com"]
[Date "2024.05.07"]
[Round "4"]
[White "Antosha_Chekhonte"]
[Black "CSB7"]
[Result "1-0"]
[WhiteElo "2573"]
[BlackElo "2767"]
[TimeControl "180+1"]
[EndTime "8:43:24 PDT"]
[Termination "Antosha_Chekhonte won by resignation"]

1. e4 e5 2. Nf3 Nc6 3. Nc3 Nf6 4. d4 exd4 5. Nxd4 Bb4 6. Nxc6 bxc6 7. Bd3 O-O 8. O-O Re8 9. Re1 Bd6 10. h3 a5 11.
f4 Bc5+ 12. Kh1 d5 13. e5 Ng4 14. Qf3 Qh4 15. Bd2 Nf2+ 16. Kh2 Ng4+ 17. Kh1 Nf2+ 18.
Kh2 h5 19. Ne2 Ng4+ 20. Kh1 a4 21. c3 Nf2+ 22. Kh2 Bg4 23. Qg3 Qxg3+ 24. Kxg3 Nxd3 25. hxg4 Bf2+ 26. Kf3 hxg4+ 27. Kxg4 Bxe1 28. Bxe1 Nxe1 29. Rxe1 c5 30. Ng3 Rab8 31. Re2 Rb6 32. Nf5 g6 33. Ne3 c6 34. Kg5 Kg7 35. Ng4 Reb8 36. e6 fxe6 37. Rxe6 Kf7 38. Rxg6 Rxb2 39. Ne5+ Kf8 40. Nd7+ Ke7 41.
Rg7+ Kd6 42. Nxb8 Rxb8 43. f5 Rb2 44. g4 d4 45. cxd4 cxd4 46. f6 Rf2 47. Rg8 Kc5 48.
Rd8 Kc4 49. Kg6 d3 50. f7 Kc3 51. Kg7 d2 52. f8=Q Rxf8 53. Kxf8 c5 54. g5 c4 55. g6 Kb2 56. Rxd2+ 1-0

[Event "Early-Titled-Tuesday-Blitz-May-07-2024"]
[Site "Chess.com"]
[Date "2024.05.07"]
[Round "4"]
[White "sonicdravise"]
[Black "Eloist"]
[Result "1-0"]
[WhiteElo "2635"]
[BlackElo "2416"]
[TimeControl "180+1"]
[EndTime "8:43:24 PDT"]
[Termination "sonicdravise won by resignation"]

1. Nf3 Nf6 2. c4 e6 3. b3 b6 4.
g3 Bb7 5. Bg2 g6 6. Bb2 Bg7 7.
O-O O-O 8. d4 c5 9. Nc3 cxd4 10.
Qxd4 d5 11. Rad1 Nc6 12. Qh4 Ne4 13. Nxe4 Qxh4 14. Nxh4 Bxb2 15. Nd6 Ba6 16. cxd5 Nd4 17. dxe6 Nxe2+ 18. Kh1 fxe6 19. Bxa8 Rxa8 20. Nc4 Bf6 21. Ng2 Bb7 22. f3 Nd4 23. Ne1 b5 24. Ne3 Rc8 25. Kg1 Kf7 26. Ng4 Bg7 27. Rd2 Rc1 28. Kf2 h5 29. Ne3 e5 30. N3g2 Bh6 31.
Rb2 a5 32. Nd3 Rxf1+ 33. Kxf1 Ke6 34. Nc5+ Kd5 35. Nxb7 Nxf3 36. Nxa5 Nxh2+ 37. Kg1 Nf3+ 38. Kf2 Nd4 39. Nb7 Bc1 40. Re2 Nxe2 41. Kxe2 g5 42. Nd8 b4 43. Nf7 g4 44. Ne3+ Kd4 45. Nf5+ Kc3 46.
Nxe5 Kb2 47. Nd3+ Kc2 48. Nxc1 Kxc1 49. Kd3 Kb2 50. Kc4 Ka3 51. Nh4 Kxa2 52. Kxb4 Kb2 53.
Kc4 1-0

[Event "Early-Titled-Tuesday-Blitz-May-07-2024"]
[Site "Chess.com"]
[Date "2024.05.07"]
[Round "4"]
[White "littlepinkyboy"]
[Black "Kyrko_Gamba"]
[Result "0-1"]
[WhiteElo "2646"]
[BlackElo "2492"]
[TimeControl "180+1"]
[EndTime "8:43:25 PDT"]
[Termination "Kyrko_Gamba won by checkmate"]

1. e4 c6 2. d4 d5 3. Nc3 dxe4 4. Nxe4 Nf6 5. Nxf6+ exf6 6. c3 Bd6 7. Bd3 O-O 8. Qc2 Re8+ 9. Ne2 h5 10. O-O h4 11.
h3 Nd7 12. Be3 Nf8 13. c4 Be6 14. Rad1 Qc8 15. Bf4 Qc7 16. Bxd6 Qxd6 17. Rfe1 Rad8 18. Be4 Bxc4 19. Nc3 g6 20. d5 cxd5 21. b3 Qc6 22. bxc4 dxe4 23. Rxd8 Rxd8 24. Rxe4 f5 25. Rxh4 Qf6 26. Rf4 Ne6 27. Rf3 Nd4 28. Qd3 Nxf3+ 29. Qxf3 Qd4 30. Nd5 Qxc4 31. Ne7+ Kf8 32. Qxb7 Qc1+ 33.
Kh2 Qd2 34. Nxg6+ fxg6 35. Qf3 Qd6+ 36. g3 Kg7 37. Qc3+ Qf6 38. Qc7+ Kh6 39. Qf4+ g5 40. Qc7 Rd2 41. Qxa7 f4 42. Kg2 f3+ 43. Kh2 Qd6 44.
Qe3 Qd5 45. h4 Re2 46. hxg5+ Kg6 47. Qf4 Rxf2+ 48. Kh3 Qe6+ 49. g4 Qe7 50. Kg3 Rg2+ 51. Kh3 Rg1 52. Qxf3 Qh7# 0-1

[Event "Early-Titled-Tuesday-Blitz-May-07-2024"]
[Site "Chess.com"]
[Date "2024.05.07"]
[Round "4"]
[White "profedechess93"]
[Black "PIwan"]
[Result "0-1"]
[WhiteElo "2630"]
[BlackElo "2434"]
[TimeControl "180+1"]
[EndTime "8:43:26 PDT"]
[Termination "PIwan won by resignation"]

1. e4 e6 2. d4 d5 3. Nc3 Nf6 4. Bg5 Be7 5. e5 Nfd7 6. h4 Bxg5 7. hxg5 Qxg5 8. Qd3 h6 9. Nh3 Qe7 10. Nf4 Nc6 11. O-O-O Nb6 12. Nh5 Rg8 13. Qh7 Qf8 14. Rh3 Bd7 15. Rg3 O-O-O 16. Rxg7 Rh8 17. Qd3 Nc4 18. Qf3 N6a5 19. a3 Be8 20. Qf6 c5 21. Bxc4 Nxc4 22. dxc5 Qxc5 23. Rg4 Rf8 24. Rdd4 Qb6 25.
Nd1 Qc7 26. f4 Ba4 27. Nc3 Bxc2 28. Rg3 Bg6 29. Ng7 Bh7 30. Rf3 Be4 31. Re3 Nxe3 32. Nxe6 fxe6 33. Qxe6+ Kb8 34. Kd2 Nf5 35. Rb4 Bxg2 36.
Nb5 Qd7 37. Qg6 Be4 38. e6 Qe7 39. Qg1 a6 40. Qa7+ Kc8 41. Nc3 Qc7 42. Na4 Rd6 43. Ke1 Rc6 44. Qa8+ Qb8 45. Nb6+ Rxb6 46. Qxb8+ Kxb8 47. Rc4 Re8 48. Rc8+ Kxc8 49. e7 Re6 50. Kd2 R6xe7 51. Kc3 Rc7+ 52. Kb4 Rc2 53. Ka5 Rxb2 54. a4 Rb5+ 55. axb5 axb5 56. Kb4 d4 57. Ka5 d3 58. Kb6 d2 0-1

[Event "Early-Titled-Tuesday-Blitz-May-07-2024"]
[Site "Chess.com"]
[Date "2024.05.07"]
[Round "4"]
[White "Nitzan_Steinberg"]
[Black "NikitaShnadrygin"]
[Result "1-0"]
[WhiteElo "2932"]
[BlackElo "2702"]
[TimeControl "180+1"]
[EndTime "8:43:27 PDT"]
[Termination "Nitzan_Steinberg won by resignation"]

1. e4 c5 2. Nf3 e6 3. d4 cxd4 4. Nxd4 Nf6 5. Nc3 Nc6 6. a3 Be7 7. Be2 O-O 8. Be3 d5 9. exd5 exd5 10. O-O Ne5 11. h3 a6 12. Re1 Re8 13. Qd2 Ne4 14.
Nxe4 dxe4 15. Rad1 Bd7 16. Nb3 Qc7 17. Bf4 Bc6 18. Nd4 Rad8 19. Qe3 Bc5 20. c3 Qe7 21. Qg3 Bxd4 22. cxd4 Ng6 23. Bg5 f6 24. Be3 Bd5 25. h4 Qf7 26. Rc1 Rc8 27. h5 Ne7 28. Bg4 f5 29. Be2 Qe6 30. Rc5 Kh8 31. Rec1 Rxc5 32. dxc5 Nc6 33. h6 g6 34. b4 Kg8 35. Bf1 Rd8 36.
Bg5 Rd7 37. a4 Qe5 38. Bf4 Qf6 39. b5 axb5 40. axb5 Nd8 41. Bg5 Qf8 42. c6 bxc6 43. bxc6 Nxc6 44. Bb5 Qc8 45. Qc3 Rb7 46. Bxc6 Bxc6 47.
Qc4+ Kf8 48. Qc5+ Kg8 49. Qxc6 Qxc6 50. Rxc6 Kf7 51. Rf6+ Kg8 52. Kh2 Rb3 53. Bf4 Rb7 54.
Bd6 Re7 55. Bxe7 1-0

[Event "Early-Titled-Tuesday-Blitz-May-07-2024"]
[Site "Chess.com"]
[Date "2024.05.07"]
[Round "4"]
[White "SilverSwords13"]
[Black "RodTwinkz"]
[Result "0-1"]
[WhiteElo "2479"]
[BlackElo "2684"]
[TimeControl "180+1"]
[EndTime "8:43:27 PDT"]
[Termination "RodTwinkz won by resignation"]

1. e4 c5 2. Nf3 g6 3. d4 cxd4 4. Nxd4 Bg7 5. Nc3 Nc6 6. Be3 Nf6 7. Bc4 O-O 8. Bb3 Qa5 9. O-O d6 10. h3 Nxd4 11. Bxd4 Be6 12. Re1 Nd7 13. Bxg7 Kxg7 14. Nd5 Bxd5 15. exd5 Rfe8 16. Qd4+ Kg8 17. Re2 Qc5 18.
Qxc5 Nxc5 19. Rae1 Kf8 20. Bc4 a6 21. Re3 Rac8 22.
f4 b5 23. Be2 Na4 24. b3 Nc3 25. a4 Nxd5 26. Rf3 Rxc2 27. axb5 axb5 28. Bxb5 Rb8 29.
Bc4 Nf6 30. Rfe3 d5 31. Bf1 e6 32. Ra1 Rb2 33. Ra3 Ne4 34. Ra7 R2xb3 35. Rxb3 Rxb3 36. Be2 h5 37. h4 Ng3 38. Bf3 Nf5 39. Kh2 Nxh4 40.
Bd1 Rb2 41. Kg3 Nxg2 42. Bf3 Ne1 43. Bd1 Rd2 44. Ba4 Nd3 45. Ra8+ Kg7 46. Be8 Rf2 47. Ra3 h4+ 48. Kg4 Ne1 49. Kxh4 Rxf4+ 50. Kg3 Rf6 51. Ra7 Nd3 52. Rd7 Nf4 53. Kg4 Nh5 54. Kg5 Ng3 55.
Kg4 Ne4 56. Ra7 d4 57. Rd7 d3 58. Kh3 d2 59. Rd4 d1=Q 0-1

[Event "Early-Titled-Tuesday-Blitz-May-07-2024"]
[Site "Chess.com"]
[Date "2024.05.07"]
[Round "4"]
[White "Smiechu"]
[Black "VacheH009"]
[Result "0-1"]
[WhiteElo "2386"]
[BlackElo "2582"]
[TimeControl "180+1"]
[EndTime "8:43:27 PDT"]
[Termination "VacheH009 won by resignation"]

1. e4 c6 2. d4 d5 3. f3 g6 4. Nc3 Bg7 5. e5 f6 6. f4 Nh6 7. Nf3 O-O 8. Bd3 Bf5 9. Bxf5 Nxf5 10. Qd3 fxe5 11. fxe5 e6 12. Bg5 Qb6 13. O-O-O Nd7 14.
g4 Nh6 15. Rhg1 c5 16. Qe3 cxd4 17. Nxd4 Nf7 18. h4 Ndxe5 19. b3 Rae8 20. h5 Nxg5 21. Qxg5 Nf7 22. Qd2 Qxd4 23. Qxd4 Bxd4 24. Rxd4 Ng5 25. Rdd1 Rf4 26. hxg6 hxg6 27. Ne2 Rf2 28. Nd4 e5 29. Nb5 d4 30. Rge1 Nf3 31. Re4 Rc8 32. Na3 Rc5 33.
Kb1 Nd2+ 34. Rxd2 Rxd2 35. Nc4 Rg2 36. a4 Kg7 37. a5 Kf6 38. Kb2 Rf2 39. Ka3 Rf4 40.
Re2 e4 41. Kb4 Rd5 42. Nd2 d3 43. Nxe4+ Rxe4+ 44. Rxe4 d2 45. c4 Rd7 46. Rf4+ Ke5 47. Rf1 d1=Q 48. Rxd1 Rxd1 49. Kb5 Rd7 50. b4 Kd4 51. g5 a6+ 52. Kb6 Kxc4 53. b5 axb5 54. Ka7 b4 0-1

[Event "Early-Titled-Tuesday-Blitz-May-07-2024"]
[Site "Chess.com"]
[Date "2024.05.07"]
[Round "4"]
[White "JG-17"]
[Black "Chessbard1972"]
[Result "1-0"]
[WhiteElo "2529"]
[BlackElo "2344"]
[TimeControl "180+1"]
[EndTime "8:43:27 PDT"]
[Termination "JG-17 won by checkmate"]

1. d4 Nf6 2. Nf3 g6 3. g3 Bg7 4.
Bg2 O-O 5. O-O d5 6. c4 Nc6 7.
cxd5 Nxd5 8. Nc3 Nb6 9. d5 Na5 10. e4 c6 11. dxc6 bxc6 12. e5 Nac4 13. Nd4 Nxe5 14.
Nxc6 Nxc6 15. Bxc6 Bh3 16. Re1 Rc8 17. Bb7 Rc7 18.
Qf3 Qd7 19. Be4 Bg4 20. Qf4 e5 21. Qd2 Nc4 22. Qxd7 Rxd7 23. b3 Nd2 24. Bc6 Nf3+ 25.
Bxf3 Bxf3 26. Be3 Rc8 27. Rac1 Rdc7 28. Nb5 Rxc1 29. Rxc1 Rxc1+ 30. Bxc1 a6 31. Nc7 Bb7 32. Bb2 Kf8 33. Ba3+ Kg8 34. Ne8 Bh8 35. Be7 f5 36.
Kf1 Bc6 37. Nd6 Bg7 38. Ke2 Bf8 39. Bxf8 Kxf8 40. a4 Ke7 41. Nc4 Ke6 42. Ne3 Be4 43. Kd2 Bf3 44. Kc3 Kd6 45. Kb4 f4 46. Nc4+ Kd5 47.
Ka5 g5 48. Kxa6 e4 49. a5 Be2 50. Kb5 e3 51. fxe3 f3 52. a6 f2 53. a7 f1=Q 54.
a8=Q+ Ke6 55. Qe8+ Kf5 56. Qf7+ Ke4 57. Qe6+ Kd3 58. Qd5+ Kc2 59. Qd2+ Kb1 60. Qb2# 1-0